 Dungeon Crawl Stone Soup version 0.18-a0-965-g9200175 (webtiles) character file.

28 Duffy the Ruffian (level 3, 0/26 HPs)
             Began as a Formicid Transmuter on Jan 2, 2016.
             Slain by a worm (8 damage)
             ... on level 2 of the Dungeon.
             The game lasted 00:01:03 (1494 turns).

Duffy the Ruffian (Formicid Transmuter)             Turns: 1494, Time: 00:01:03

Health: 0/26       AC:  5    Str: 14    XL:     3   Next: 27%
Magic:  6/6        EV: 11    Int: 12    God:
Gold:   73         SH:  0    Dex: 12    Spells: 1 memorised, 5 levels left

rFire  . . .     SeeInvis +       - Unarmed
rCold  . . .     Gourm    .     f - +0 ring mail
rNeg   . . .     Faith    .     (no shield)
rPois  .         Spirit   .     (helmet unavailable)
rElec  .         Dismiss  .     (no cloak)
rCorr  .         Reflect  .     (no gloves)
SustAt .         Harm     .     (no boots)
MR     .....                    (no amulet)
Stlth  +.........               (no ring)
                                (no ring)

@: not resistant to hostile enchantments, very unstealthy
A: permanent stasis, dig shafts and tunnels, four strong arms, antennae 3
a: Dig, Shaft Self


You were on level 2 of the Dungeon.
You were not hungry.

You visited 1 branch of the dungeon, and saw 2 of its levels.

You collected 73 gold pieces.


Innate Abilities, Weirdness & Mutations

You are under a permanent stasis effect.
You can dig through walls and to a lower floor.
Your four strong arms can wield two-handed weapons with a shield.
You have a pair of large antennae on your head (SInv).


   Skills:
 - Level 1.1 Fighting
 - Level 1.7 Dodging
 + Level 4.2 Unarmed Combat
 - Level 2.1 Spellcasting
 - Level 2.1 Transmutations


You had 5 spell levels left.
You knew the following spells:

 Your Spells              Type           Power        Failure   Level  Hunger
a - Beastly Appendage     Trmt           #.....       24%         1    ##.....

Inventory:

Armour
 f - a +0 ring mail (worn)
Scrolls
 a - a scroll of noise {unknown}
 e - 2 scrolls of identify {unknown}
 h - a scroll of fear {unknown}
Potions
 b - 2 potions of flight {unknown}
 g - a potion of magic {unknown}
Books
 c - a book of Changes
Comestibles
 d - a bread ration
 i - a meat ration
 j - 3 chunks of flesh

Dungeon Overview and Level Annotations

Branches:
Dungeon (2/15)

Altars:


Message History

The hobgoblin barely misses you.
You barely miss the worm.
The worm is moderately wounded.
The hobgoblin hits you with a club. The worm bites you!
You hit the worm.
The worm is moderately wounded.
The hobgoblin hits you but does no damage.
You hit the worm.
The worm is heavily wounded.
The worm barely misses you.
The hobgoblin hits you but does no damage.
You barely miss the worm.
The worm is heavily wounded.
You hit the worm.
The worm is heavily wounded.
The hobgoblin hits you with a club. The worm bites you!
You are too injured to fight recklessly!
You are too injured to fight recklessly!
You are too injured to fight recklessly!
You are too injured to fight recklessly!
You are too injured to fight recklessly!
You are too injured to fight recklessly!
You are too injured to fight recklessly!
You are too injured to fight recklessly!
You are too injured to fight recklessly!
You are too injured to fight recklessly!
You are too injured to fight recklessly!
You are too injured to fight recklessly!
You are too injured to fight recklessly!
You are too injured to fight recklessly!
You are too injured to fight recklessly!
You are too injured to fight recklessly!
You are too injured to fight recklessly!
The worm bites you!
You die...

####.##########.#
#............#
###########..#
#..# #..# #..#
#..# ###..#######
#...g@.....#
#.#.w#####.#
#.#... # ##...
....# .....
####.#. ####


You could see a worm and a hobgoblin.

Action                   || total
-------------------------++-------
Melee: Unarmed           ||    98
  Eat: Chunk             ||     2

Notes
Turn   | Place    | Note
--------------------------------------------------------------
     0 | D:1      | Duffy the Formicid Transmuter began the quest for the Orb.
     0 | D:1      | Reached XP level 1. HP: 15/15 MP: 3/3
   399 | D:1      | Reached XP level 2. HP: 19/21 MP: 5/5
  1185 | D:1      | Reached skill level 4 in Unarmed Combat
  1185 | D:1      | Reached XP level 3. HP: 26/26 MP: 6/6
  1494 | D:2      | Slain by a worm

Vault maps used:
D:1:      dpeg_arrival_leaves_temple_mockup
D:2:      grunt_temple_overflow_cloverleaf

Vanquished Creatures
  A giant gecko
  A giant cockroach
  3 goblins
  3 hobgoblins
  3 jackals
  5 kobolds
  A ball python
  3 bats
  A giant newt
  3 rats
24 creatures vanquished.
